Kings vs Capitals

Created - November 11, 2019 at 20:14

Goals
1 2 3 OT1 SO T
Kings 2 1 1 0 0 4
Capitals 1 1 2 0 2 5
Shots
1 2 3 OT1 SO T
Kings 13 8 10 0 2 31
Capitals 8 10 15 0 2 33

1st period

1. Kings , Anze Kopitar 5 (Claude Giroux 8) at 3:49
2. Kings , Jordan Nolan 1 (Anze Kopitar 11, Claude Giroux 9) at 13:26 (PP)
3. Capitals , Ryan Getzlaf 2 (Jason Pominville 4, Victor Hedman 5) at 17:17

Penalties :
Mikko Koivu (Was) for High sticking (Minor) at 9:19, Josh Manson (Was) for Slashing (Double Minor) at 13:19

2nd period

4. Kings , Daniel Carcillo 3 (Gilbert Brule 4, Anze Kopitar 12) at 15:12
5. Capitals , Ryan Getzlaf 3 (Jason Pominville 5, Patrick Marleau 1) at 17:48

Penalties :
Blake Wheeler (Was) for Roughing (Minor) at 0:52, Darnell Nurse (LAK) for Interference (Minor) at 7:15, Darnell Nurse (LAK) for Boarding (Minor) at 18:17

3rd period

6. Capitals , Jason Pominville 3 (Justin Faulk 2, Ryan Getzlaf 1) at 1:30
7. Capitals , Jason Pominville 4 (Justin Faulk 3, Shayne Gostisbehere 3) at 14:38
8. Kings , Anze Kopitar 6 (Jordan Nolan 5, Claude Giroux 10) at 16:38 (PP)

Penalties :
Joe Pavelski (Was) for Hooking (Minor) at 4:31, Shayne Gostisbehere (Was) for Hooking (Minor) at 15:33

Overtime #1

No Goal

Penalties :
No Penalty

Shootout

Kings, Claude Giroux - Stopped by Tuukka Rask
Capitals, Joe Thornton - Goal!
Kings, Loui Eriksson - Stopped by Tuukka Rask
Capitals, Joe Pavelski - Goal!

Penalties :
No Penalty

Goalie Stats

Antti Niemi (LAK), 29 saves from 33 shots - (0.879), OTL, 2-2-2, 65:00 minutes
Tuukka Rask (Was), 27 saves from 31 shots - (0.871), W, 4-3-1, 65:00 minutes

Players Stats for Kings

Player Name              G  A  P  +/- PIM S  H  SB GA TA FO     MP     PP MP  PK MP  
------------------------------------------------------------------------------------
Anze Kopitar             2  2  4  -1  0   8  3  0  2  0  13/28  24:52   5:09   1:19 
Brian McGrattan          0  0  0   0  0   0  1  1  0  1  1/1     6:22   0:00   0:00 
Claude Giroux            0  3  3  -1  0   2  3  1  3  1  2/5    24:25   5:09   1:06 
Dan Hamhuis              0  0  0   0  0   1  1  1  1  0  0/0    17:24   0:00   1:35 
Daniel Carcillo          1  0  1   0  0   4  2  0  2  0  0/0    18:37   3:59   2:20 
Darnell Nurse            0  0  0  -2  4   0  4  0  0  2  0/0    22:12   6:15   0:00 
Darroll Powe             0  0  0   0  0   1  0  0  0  0  0/2     6:51   0:00   0:00 
Gilbert Brule            0  1  1   0  0   2  1  0  0  1  2/11   18:58   3:59   2:21 
Hampus Lindholm          0  0  0   0  0   1  0  3  3  0  0/0    25:16   6:15   0:33 
Jon Merrill              0  0  0   0  0   0  2  0  0  0  0/0    19:21   0:00   2:23 
Joni Pitkanen            0  0  0  -2  0   0  1  0  0  1  0/0    23:33   2:53   2:07 
Jordan Nolan             1  1  2  -1  0   7  2  0  1  0  5/9    19:47   5:09   0:00 
Kevin Hayes              0  0  0   0  0   2  1  0  0  0  0/0    14:45   3:59   0:00 
Loui Eriksson            0  0  0  -1  0   1  2  0  2  0  1/1    13:27   0:00   0:00 
Matt Martin              0  0  0  -1  0   1  1  0  0  1  0/2    15:43   0:00   0:00 
Maxim Afinogenov         0  0  0  -1  0   1  1  0  0  0  0/0    13:57   0:00   0:00 
Peter Worrell            0  0  0   0  0   0  1  0  1  0  0/0     7:53   0:00   0:50 
Radko Gudas              0  0  0   0  0   0  2  1  0  0  0/0    22:37   2:53   1:18 

Players Stats for Capitals

Player Name              G  A  P  +/- PIM S  H  SB GA TA FO     MP     PP MP  PK MP  
------------------------------------------------------------------------------------
Blake Wheeler            0  0  0   0  2   1  1  2  2  1  0/0    12:00   0:01   0:00 
Brent Seabrook           0  0  0   1  0   3  2  2  0  1  0/0    29:42   2:28   5:41 
Jason Pominville         2  2  4   4  0   6  1  0  1  1  0/0    19:08   1:44   2:13 
Joe Pavelski             0  0  0  -2  2   2  0  0  1  2  0/1    24:06   2:13   4:15 
Joe Thornton             0  0  0  -2  0   3  1  1  0  1  24/38  24:40   2:13   5:13 
Josh Manson              0  0  0   0  4   0  3  0  0  0  0/0    11:35   0:00   0:00 
Justin Faulk             0  2  2   1  0   0  0  0  0  2  0/0    23:43   1:30   3:27 
Michael Schumacher       0  0  0   0  0   0  0  0  0  0  0/1     6:53   0:00   0:00 
Mikko Koivu              0  0  0   0  2   1  0  0  0  0  1/3    12:13   0:01   0:07 
Olli Maatta              0  0  0   0  0   1  0  0  0  1  0/0    12:00   0:00   0:25 
Ondrej Palat             0  0  0   0  0   0  1  0  0  0  1/1    11:57   0:00   1:31 
Patrick Marleau          0  1  1   4  0   1  4  0  0  1  3/3    15:48   1:44   0:29 
Patrick Sharp            0  0  0  -2  0   3  1  0  0  1  1/1    21:25   2:13   2:13 
Ryan Getzlaf             2  1  3   4  0   4  2  0  0  1  4/9    15:07   1:44   0:00 
Ryan Nugent-Hopkins      0  0  0   0  0   2  0  0  0  0  1/2     8:09   0:00   0:51 
Shayne Gostisbehere      0  1  1   1  2   1  3  1  1  1  0/0    23:17   1:30   3:02 
T.J. Oshie               0  0  0   0  0   3  0  0  0  0  0/0     9:22   0:01   1:24 
Victor Hedman            0  1  1   1  0   2  1  2  2  2  0/0    29:42   2:28   5:41 

3 Stars

1 - Jason Pominville (Was)
2 - Ryan Getzlaf (Was)
3 - Anze Kopitar (LAK)

Power Play

Kings - 2 on 6 Attempt(s) - 33.33%
Capitals - 0 on 2 Attempt(s) - 0.00%

Penalty Kill

Kings - 2 on 2 Attempt(s) - 100.00% - Score 0 goal in Penalty Kill
Capitals - 4 on 6 Attempt(s) - 66.67% - Score 0 goal in Penalty Kill

Team Stat

Kings - Hits : 28 - Faceoff Wins : 24 - Blocked Shots : 7 - Penalty Minutes : 4
Capitals - Hits : 20 - Faceoff Wins : 35 - Blocked Shots : 8 - Penalty Minutes : 12

Official

Referees : Unknown
Linesman : Unknown

Game Notes

No Game Note

Finance

Level 1 -- Attendance: 5846 (97.43%) -- Ticket Income $596,292
Level 2 -- Attendance: 5000 (100.00%) -- Ticket Income $260,000
Level 3 -- Attendance: 1895 (94.75%) -- Ticket Income $79,590
Level 4 -- Attendance: 3808 (95.20%) -- Ticket Income $99,008
Luxury Box -- Attendance: 729 (72.90%) -- Ticket Income $140,697
Game was played at the Verizon Center.
Total Attendance: 17278 (95.99%)
Total Ticket Income: $1,175,587
Other Income: $176,338
Total Income: $1,351,925

Kings

5 vs 5 Forward 
   Center                   Left Wing                Right Wing               Time % Phy DF OF 
 1 Anze Kopitar             Matt Martin              Claude Giroux            40     1   2  2  
 2 Jordan Nolan             Loui Eriksson            Maxim Afinogenov         30     1   2  2  
 3 Gilbert Brule            Daniel Carcillo          Kevin Hayes              25     1   2  2  
 4 Darroll Powe             Peter Worrell            Brian McGrattan          5      3   2  0  

5 vs 5 Defense 
   Defense                  Defense                                           Time % Phy DF OF 
 1 Joni Pitkanen            Darnell Nurse                                     35     1   2  2  
 2 Hampus Lindholm          Radko Gudas                                       35     1   2  2  
 3 Dan Hamhuis              Jon Merrill                                       30     1   2  2  
 4 Darnell Nurse            Radko Gudas                                       0      1   2  2  

PowerPlay Forward 
   Center                   Left Wing                Right Wing               Time % Phy DF OF 
 1 Anze Kopitar             Jordan Nolan             Claude Giroux            60     1   1  3  
 2 Gilbert Brule            Daniel Carcillo          Kevin Hayes              40     1   1  3  

PowerPlay Defense
   Defense                  Defense                                           Time % Phy DF OF 
 1 Hampus Lindholm          Darnell Nurse                                     60     0   2  3  
 2 Joni Pitkanen            Radko Gudas                                       40     0   2  3  

Penalty Kill 4 Players Forward 
   Center                   Wing                     Time % Phy DF OF 
 1 Gilbert Brule            Daniel Carcillo          60     1   3  1  
 2 Claude Giroux            Anze Kopitar             40     1   3  1  

Penalty Kill 4 Players Defense
   Defense                  Defense                  Time % Phy DF OF 
 1 Darnell Nurse            Jon Merrill              60     1   4  0  
 2 Radko Gudas              Dan Hamhuis              40     1   4  0  

Penalty Kill - 3 Players Forward 
   Forward                                           Time % Phy DF OF 
 1 Claude Giroux                                     60     1   3  1  
 2 Anze Kopitar                                      40     1   3  1  

Penalty Kill - 3 Players Defense
   Defense                  Defense                  Time % Phy DF OF 
 1 Jon Merrill              Darnell Nurse            60     1   4  0  
 2 Dan Hamhuis              Radko Gudas              40     1   4  0  

4 vs 4 Forward 
   Center                   Wing                     Time % Phy DF OF 
 1 Claude Giroux            Anze Kopitar             60     1   2  2  
 2 Jordan Nolan             Maxim Afinogenov         40     1   1  3  

4 vs 4 Defense
   Defense                  Defense                  Time % Phy DF OF 
 1 Joni Pitkanen            Radko Gudas              60     1   2  2  
 2 Hampus Lindholm          Jon Merrill              40     1   2  2  

Last Minutes Offensive
   Center                   Left Wing                Right Wing               Defense                  Defense                  
   Anze Kopitar             Matt Martin              Claude Giroux            Hampus Lindholm          Joni Pitkanen            

Last Minutes Defensive
   Center                   Left Wing                Right Wing               Defense                  Defense                  
   Anze Kopitar             Matt Martin              Claude Giroux            Jon Merrill              Radko Gudas              

Goaltenders
Starting : Antti Niemi              
Backup : Philipp Grubauer         

Extra Forwards
Normal : Anze Kopitar, Gilbert Brule, Jordan Nolan - PP : Maxim Afinogenov, Loui Eriksson - PK : Claude Giroux
Extra Defensemen
Normal : Hampus Lindholm, Joni Pitkanen, Radko Gudas - PP : Jon Merrill - PK : Joni Pitkanen, Hampus Lindholm
Penalty Shots
Claude Giroux, Loui Eriksson, Anze Kopitar, Jordan Nolan, Gilbert Brule

Scratches
Martin Jones (Healthy)

Capitals

5 vs 5 Forward 
   Center                   Left Wing                Right Wing               Time % Phy DF OF 
 1 Joe Thornton             Patrick Sharp            Joe Pavelski             40     1   2  2  
 2 Ryan Getzlaf             Patrick Marleau          Jason Pominville         30     1   2  2  
 3 Mikko Koivu              Ondrej Palat             Blake Wheeler            20     1   2  2  
 4 Ryan Nugent-Hopkins      Michael Schumacher       T.J. Oshie               10     1   2  2  

5 vs 5 Defense 
   Defense                  Defense                                           Time % Phy DF OF 
 1 Brent Seabrook           Victor Hedman                                     40     1   2  2  
 2 Justin Faulk             Shayne Gostisbehere                               30     1   2  2  
 3 Josh Manson              Olli Maatta                                       20     1   2  2  
 4 Brent Seabrook           Victor Hedman                                     10     1   2  2  

PowerPlay Forward 
   Center                   Left Wing                Right Wing               Time % Phy DF OF 
 1 Joe Thornton             Patrick Sharp            Joe Pavelski             60     1   2  2  
 2 Ryan Getzlaf             Patrick Marleau          Jason Pominville         40     1   2  2  

PowerPlay Defense
   Defense                  Defense                                           Time % Phy DF OF 
 1 Brent Seabrook           Victor Hedman                                     60     1   2  2  
 2 Justin Faulk             Shayne Gostisbehere                               40     1   2  2  

Penalty Kill 4 Players Forward 
   Center                   Wing                     Time % Phy DF OF 
 1 Joe Thornton             Joe Pavelski             60     1   2  2  
 2 Jason Pominville         Patrick Sharp            40     1   2  2  

Penalty Kill 4 Players Defense
   Defense                  Defense                  Time % Phy DF OF 
 1 Brent Seabrook           Victor Hedman            60     1   2  2  
 2 Justin Faulk             Shayne Gostisbehere      40     1   2  2  

Penalty Kill - 3 Players Forward 
   Forward                                           Time % Phy DF OF 
 1 Joe Thornton                                      60     1   2  2  
 2 Joe Pavelski                                      40     1   2  2  

Penalty Kill - 3 Players Defense
   Defense                  Defense                  Time % Phy DF OF 
 1 Brent Seabrook           Victor Hedman            60     1   2  2  
 2 Justin Faulk             Shayne Gostisbehere      40     1   2  2  

4 vs 4 Forward 
   Center                   Wing                     Time % Phy DF OF 
 1 Joe Thornton             Joe Pavelski             60     1   2  2  
 2 Jason Pominville         Patrick Sharp            40     1   2  2  

4 vs 4 Defense
   Defense                  Defense                  Time % Phy DF OF 
 1 Brent Seabrook           Victor Hedman            60     1   2  2  
 2 Justin Faulk             Shayne Gostisbehere      40     1   2  2  

Last Minutes Offensive
   Center                   Left Wing                Right Wing               Defense                  Defense                  
   Joe Thornton             Patrick Sharp            Joe Pavelski             Brent Seabrook           Victor Hedman            

Last Minutes Defensive
   Center                   Left Wing                Right Wing               Defense                  Defense                  
   Joe Thornton             Patrick Sharp            Joe Pavelski             Brent Seabrook           Victor Hedman            

Goaltenders
Starting : Tuukka Rask              
Backup : Mike Smith               

Extra Forwards
Normal : Blake Wheeler, Mikko Koivu, T.J. Oshie - PP : Blake Wheeler, Mikko Koivu - PK : T.J. Oshie
Extra Defensemen
Normal : Josh Manson, Olli Maatta, Justin Faulk - PP : Josh Manson - PK : Olli Maatta, Justin Faulk
Penalty Shots
Joe Thornton, Joe Pavelski, Jason Pominville, Patrick Sharp, Ryan Getzlaf

Scratches
Ryan Suter (Healthy), Thomas Vanek (Lacerated Right Calf Injury)

% Time on Ice - Kings

Lines # - Real PCT - Wanted PCT - Time Play
Normal Forward
1 - 35% - 40% - 16:30
2 - 29% - 30% - 13:27
3 - 23% - 25% - 10:46
4 - 13% - 5% - 6:11
Normal Defense
1 - 34% - 35% - 15:58
2 - 35% - 35% - 16:38
3 - 30% - 30% - 14:18
4 - 0% - 0% - 0:00
PP Forward
1 - 56% - 60% - 5:09
2 - 44% - 40% - 3:59
PP Defense
1 - 68% - 60% - 6:15
2 - 32% - 40% - 2:53
PK Forward
1 - 84% - 60% - 3:19
2 - 16% - 40% - 0:39
PK Defense
1 - 67% - 60% - 2:40
2 - 33% - 40% - 1:18
PK3 Forward
1 - 0% - 60%
2 - 0% - 40%
PK3 Defense
1 - 0% - 60%
2 - 0% - 40%
44 Forward
1 - 90% - 60% - 4:30
2 - 10% - 40% - 0:30
44 Defense
1 - 60% - 60% - 3:00
2 - 40% - 40% - 2:00
Last Minute Offensive  - 0:00
Last Minute Defensive  - 0:00
Total
Forward - 65:00
Defense - 65:00

% Time on Ice - Capitals

Lines # - Real PCT - Wanted PCT - Time Play
Normal Forward
1 - 35% - 40% - 16:17
2 - 29% - 30% - 13:48
3 - 21% - 20% - 9:56
4 - 15% - 10% - 6:53
Normal Defense
1 - 39% - 40% - 18:16
2 - 36% - 30% - 16:51
3 - 23% - 20% - 10:56
4 - 2% - 10% - 0:51
PP Forward
1 - 56% - 60% - 2:14
2 - 44% - 40% - 1:44
PP Defense
1 - 62% - 60% - 2:28
2 - 38% - 40% - 1:30
PK Forward
1 - 76% - 60% - 6:55
2 - 24% - 40% - 2:13
PK Defense
1 - 62% - 60% - 5:41
2 - 38% - 40% - 3:27
PK3 Forward
1 - 0% - 60%
2 - 0% - 40%
PK3 Defense
1 - 0% - 60%
2 - 0% - 40%
44 Forward
1 - 72% - 60% - 3:37
2 - 28% - 40% - 1:23
44 Defense
1 - 62% - 60% - 3:05
2 - 38% - 40% - 1:55
Last Minute Offensive  - 0:00
Last Minute Defensive  - 0:00
Total
Forward - 65:00
Defense - 65:00

Play-by-Play

1st period


0:01 of 1st period - Joe Thornton wins face-off versus Anze Kopitar in neutral zone.
1:05 of 1st period - Jon Merrill is hit by Ondrej Palat and loses puck.
1:17 of 1st period - Icing by Daniel Carcillo.
1:18 of 1st period - Brian McGrattan wins face-off versus Michael Schumacher in Kings zone.
1:18 of 1st period - Brian McGrattan is hit by Josh Manson.
1:32 of 1st period - Olli Maatta is hit by Brian McGrattan and loses puck.
2:36 of 1st period - Snap shot by Daniel Carcillo.
2:36 of 1st period - Stopped by Tuukka Rask without a rebound.
2:37 of 1st period - Jordan Nolan wins face-off versus Joe Pavelski in Capitals zone.
2:54 of 1st period - Snap shot by Jordan Nolan.
2:54 of 1st period - Stopped by Tuukka Rask with a rebound.
3:33 of 1st period - Snap shot by Daniel Carcillo.
3:33 of 1st period - Stopped by Tuukka Rask without a rebound.
3:34 of 1st period - Anze Kopitar wins face-off versus Joe Thornton in Capitals zone.
3:49 of 1st period - Snap shot by Anze Kopitar.
3:49 of 1st period - Goal by Anze Kopitar - Kings : 1 - Capitals : 0.
3:50 of 1st period - Joe Thornton wins face-off versus Matt Martin in neutral zone.
3:50 of 1st period - Joe Thornton is hit by Anze Kopitar.
4:06 of 1st period - Snap shot by Patrick Sharp.
4:06 of 1st period - Stopped by Antti Niemi with a rebound.
4:23 of 1st period - Joni Pitkanen is hit by Patrick Marleau and loses puck.
4:51 of 1st period - Snap shot by Kevin Hayes.
4:51 of 1st period - Shot Blocked by Blake Wheeler.
5:45 of 1st period - Snap shot by Jordan Nolan.
5:45 of 1st period - Shot Misses the Net.
5:47 of 1st period - Wrist shot by Maxim Afinogenov.
5:47 of 1st period - Shot Misses the Net.
5:49 of 1st period - Snap shot by Jordan Nolan.
5:49 of 1st period - Stopped by Tuukka Rask with a rebound.
5:57 of 1st period - Dan Hamhuis is hit by Ryan Getzlaf and loses puck.
6:12 of 1st period - Snap shot by Daniel Carcillo.
6:12 of 1st period - Stopped by Tuukka Rask with a rebound.
6:14 of 1st period - Backhand shot by Radko Gudas.
6:14 of 1st period - Shot Misses the Net.
6:16 of 1st period - Slapshot by Hampus Lindholm.
6:16 of 1st period - Stopped by Tuukka Rask with a rebound.
6:32 of 1st period - Snap shot by Victor Hedman.
6:32 of 1st period - Shot Blocked by Brian McGrattan.
7:00 of 1st period - Victor Hedman is hit by Anze Kopitar.
7:15 of 1st period - Wrist shot by Loui Eriksson.
7:15 of 1st period - Shot Misses the Net.
7:43 of 1st period - Wrist shot by Patrick Sharp.
7:43 of 1st period - Shot Misses the Net.
7:45 of 1st period - Wrist shot by Joe Thornton.
7:45 of 1st period - Shot Misses the Net.
7:47 of 1st period - Slapshot by Josh Manson.
7:47 of 1st period - Deflect By Joe Thornton.
7:47 of 1st period - Stopped by Antti Niemi with a rebound.
7:59 of 1st period - Wrist shot by Blake Wheeler.
7:59 of 1st period - Deflect By Mikko Koivu.
7:59 of 1st period - Shot Misses the Net.
7:59 of 1st period - Puck is out of play.
8:00 of 1st period - Mikko Koivu wins face-off versus Darroll Powe in Kings zone.
8:11 of 1st period - Snap shot by Mikko Koivu.
8:11 of 1st period - Stopped by Antti Niemi without a rebound.
8:12 of 1st period - Joe Thornton wins face-off versus Anze Kopitar in Kings zone.
9:19 of 1st period - Minor Penalty to Mikko Koivu for High sticking.
9:20 of 1st period - Joe Thornton wins face-off versus Anze Kopitar in Capitals zone.
9:29 of 1st period - Joe Pavelski is hit by Claude Giroux and loses puck.
9:34 of 1st period - Snap shot by Anze Kopitar.
9:34 of 1st period - Shot Blocked by Brent Seabrook.
9:54 of 1st period - Joe Thornton is hit by Kevin Hayes and loses puck.
10:28 of 1st period - Jason Pominville is hit by Daniel Carcillo and loses puck.
11:01 of 1st period - Joe Pavelski is hit by Darnell Nurse and loses puck.
11:19 of 1st period - Penalty to Mikko Koivu is over, Mikko Koivu is back on ice.
11:30 of 1st period - Victor Hedman is hit by Radko Gudas and loses puck.
11:35 of 1st period - Snap shot by Darroll Powe.
11:35 of 1st period - Shot Misses the Net.
11:37 of 1st period - Slapshot by Jon Merrill.
11:37 of 1st period - Shot Misses the Net.
11:39 of 1st period - Wrist shot by Darroll Powe.
11:39 of 1st period - Shot Misses the Net.
12:23 of 1st period - Snap shot by Blake Wheeler.
12:23 of 1st period - Stopped by Antti Niemi without a rebound.
12:24 of 1st period - Gilbert Brule wins face-off versus Ryan Getzlaf in Kings zone.
12:24 of 1st period - Gilbert Brule is hit by Ryan Getzlaf.
12:30 of 1st period - Snap shot by Kevin Hayes.
12:30 of 1st period - Stopped by Tuukka Rask without a rebound.
12:31 of 1st period - Joe Thornton wins face-off versus Gilbert Brule in Capitals zone.
12:48 of 1st period - Justin Faulk is hit by Gilbert Brule and loses puck.
13:06 of 1st period - Slapshot by Daniel Carcillo.
13:06 of 1st period - Deflect By Joe Thornton.
13:06 of 1st period - Shot Misses the Net.
13:06 of 1st period - Puck is out of play.
13:07 of 1st period - Anze Kopitar wins face-off versus Ryan Getzlaf in Capitals zone.
13:19 of 1st period - Double Minor Penalty to Josh Manson for Slashing.
13:20 of 1st period - Anze Kopitar wins face-off versus Joe Thornton in Capitals zone.
13:24 of 1st period - Snap shot by Anze Kopitar.
13:24 of 1st period - Stopped by Tuukka Rask with a rebound.
13:26 of 1st period - Snap shot by Jordan Nolan.
13:26 of 1st period - Goal by Jordan Nolan - Kings : 2 - Capitals : 0.
13:27 of 1st period - Anze Kopitar wins face-off versus Joe Thornton in neutral zone.
13:38 of 1st period - Wrist shot by Claude Giroux.
13:38 of 1st period - Stopped by Tuukka Rask without a rebound.
13:39 of 1st period - Anze Kopitar wins face-off versus Joe Thornton in Capitals zone.
13:46 of 1st period - Backhand shot by Victor Hedman.
13:46 of 1st period - Stopped by Antti Niemi with a rebound.
13:52 of 1st period - Slapshot by Joe Pavelski.
13:52 of 1st period - Shot Blocked by Claude Giroux.
13:54 of 1st period - Slapshot by Brent Seabrook.
13:54 of 1st period - Deflect By Hampus Lindholm.
13:54 of 1st period - Stopped by Antti Niemi without a rebound.
13:55 of 1st period - Claude Giroux wins face-off versus Joe Thornton in Kings zone.
14:04 of 1st period - Slapshot by Jordan Nolan.
14:04 of 1st period - Stopped by Tuukka Rask with a rebound.
14:26 of 1st period - Snap shot by Daniel Carcillo.
14:26 of 1st period - Shot Misses the Net.
14:42 of 1st period - Wrist shot by Anze Kopitar.
14:42 of 1st period - Stopped by Tuukka Rask with a rebound.
15:26 of 1st period - Penalty to Josh Manson is over, Josh Manson is back on ice.
15:34 of 1st period - Snap shot by Blake Wheeler.
15:34 of 1st period - Shot Misses the Net.
15:42 of 1st period - Ondrej Palat is hit by Darnell Nurse and loses puck.
16:40 of 1st period - Snap shot by Shayne Gostisbehere.
16:40 of 1st period - Deflect By T.J. Oshie.
16:40 of 1st period - Stopped by Antti Niemi with a rebound.
16:54 of 1st period - Backhand shot by Jason Pominville.
16:54 of 1st period - Deflect By Patrick Marleau.
16:54 of 1st period - Shot Blocked by Dan Hamhuis.
16:54 of 1st period - Puck is out of play.
16:55 of 1st period - Patrick Marleau wins face-off versus Gilbert Brule in Kings zone.
17:17 of 1st period - Wrist shot by Ryan Getzlaf.
17:17 of 1st period - Goal by Ryan Getzlaf - Kings : 2 - Capitals : 1.
17:18 of 1st period - Joe Thornton wins face-off versus Anze Kopitar in neutral zone.
17:45 of 1st period - Jason Pominville is hit by Loui Eriksson and loses puck.
19:58 of 1st period - Wrist shot by Joe Pavelski.
19:58 of 1st period - Shot Misses the Net.
Goals for this period are 2 for Kings vs 1 for Capitals.
Shots for this period are 13 for Kings vs 8 for Capitals.

2nd period


0:01 of 2nd period - Anze Kopitar wins face-off versus Joe Thornton in neutral zone.
0:48 of 2nd period - Kevin Hayes is hit by Blake Wheeler and loses puck.
0:52 of 2nd period - Minor Penalty to Blake Wheeler for Roughing.
0:53 of 2nd period - Joe Thornton wins face-off versus Anze Kopitar in Capitals zone.
1:10 of 2nd period - Slapshot by Darnell Nurse.
1:10 of 2nd period - Shot Misses the Net.
2:34 of 2nd period - Ondrej Palat is hit by Darnell Nurse and loses puck.
2:52 of 2nd period - Penalty to Blake Wheeler is over, Blake Wheeler is back on ice.
3:09 of 2nd period - Wrist shot by Ryan Nugent-Hopkins.
3:09 of 2nd period - Stopped by Antti Niemi with a rebound.
3:21 of 2nd period - Maxim Afinogenov is hit by Josh Manson and loses puck.
3:53 of 2nd period - Icing by Jason Pominville.
3:54 of 2nd period - Patrick Marleau wins face-off versus Gilbert Brule in Capitals zone.
4:01 of 2nd period - Slapshot by Victor Hedman.
4:01 of 2nd period - Shot Misses the Net.
4:18 of 2nd period - Icing by Kevin Hayes.
4:19 of 2nd period - Joe Thornton wins face-off versus Jordan Nolan in Kings zone.
4:24 of 2nd period - Slapshot by Joe Pavelski.
4:24 of 2nd period - Deflect By Joe Thornton.
4:24 of 2nd period - Shot Misses the Net.
4:24 of 2nd period - Puck is out of play.
4:25 of 2nd period - Joe Thornton wins face-off versus Jordan Nolan in Kings zone.
4:28 of 2nd period - Wrist shot by Joe Thornton.
4:28 of 2nd period - Shot Misses the Net.
5:20 of 2nd period - Snap shot by Loui Eriksson.
5:20 of 2nd period - Stopped by Tuukka Rask with a rebound.
5:42 of 2nd period - Joe Thornton is hit by Dan Hamhuis and loses puck.
5:49 of 2nd period - Snap shot by Loui Eriksson.
5:49 of 2nd period - Shot Misses the Net.
5:51 of 2nd period - Wrist shot by Jon Merrill.
5:51 of 2nd period - Shot Hit the Post.
5:53 of 2nd period - Wrist shot by Maxim Afinogenov.
5:53 of 2nd period - Shot Blocked by Joe Thornton.
5:55 of 2nd period - Wrist shot by Jordan Nolan.
5:55 of 2nd period - Stopped by Tuukka Rask without a rebound.
5:56 of 2nd period - Ryan Getzlaf wins face-off versus Anze Kopitar in Capitals zone.
6:21 of 2nd period - Victor Hedman is hit by Daniel Carcillo and loses puck.
6:30 of 2nd period - Slapshot by Gilbert Brule.
6:30 of 2nd period - Stopped by Tuukka Rask with a rebound.
6:32 of 2nd period - Wrist shot by Kevin Hayes.
6:32 of 2nd period - Shot Misses the Net.
6:34 of 2nd period - Slapshot by Hampus Lindholm.
6:34 of 2nd period - Shot Blocked by Blake Wheeler.
6:44 of 2nd period - Slapshot by T.J. Oshie.
6:44 of 2nd period - Shot Blocked by Hampus Lindholm.
6:46 of 2nd period - Slapshot by T.J. Oshie.
6:46 of 2nd period - Shot Misses the Net.
6:48 of 2nd period - Slapshot by Brent Seabrook.
6:48 of 2nd period - Deflect By T.J. Oshie.
6:48 of 2nd period - Shot Misses the Net.
6:48 of 2nd period - Puck is out of play.
6:49 of 2nd period - Anze Kopitar wins face-off versus Ryan Nugent-Hopkins in Kings zone.
7:15 of 2nd period - Minor Penalty to Darnell Nurse for Interference.
7:16 of 2nd period - Ryan Getzlaf wins face-off versus Gilbert Brule in Kings zone.
7:17 of 2nd period - Snap shot by Jason Pominville.
7:17 of 2nd period - Stopped by Antti Niemi with a rebound.
7:19 of 2nd period - Snap shot by Patrick Marleau.
7:19 of 2nd period - Shot Misses the Net.
7:21 of 2nd period - Wrist shot by Jason Pominville.
7:21 of 2nd period - Stopped by Antti Niemi without a rebound.
7:22 of 2nd period - Ryan Getzlaf wins face-off versus Gilbert Brule in Kings zone.
7:55 of 2nd period - Snap shot by Joe Thornton.
7:55 of 2nd period - Shot Misses the Net.
7:57 of 2nd period - Wrist shot by Joe Pavelski.
7:57 of 2nd period - Stopped by Antti Niemi with a rebound.
8:40 of 2nd period - Victor Hedman is hit by Peter Worrell and loses puck.
9:15 of 2nd period - Penalty to Darnell Nurse is over, Darnell Nurse is back on ice.
10:21 of 2nd period - Brent Seabrook is hit by Anze Kopitar and loses puck.
10:34 of 2nd period - Wrist shot by Darroll Powe.
10:34 of 2nd period - Stopped by Tuukka Rask with a rebound.
10:58 of 2nd period - Loui Eriksson is hit by Patrick Marleau and loses puck.
11:23 of 2nd period - Snap shot by Joe Thornton.
11:23 of 2nd period - Stopped by Antti Niemi without a rebound.
11:24 of 2nd period - Joe Thornton wins face-off versus Darroll Powe in Kings zone.
11:47 of 2nd period - Jordan Nolan is hit by Patrick Marleau.
11:55 of 2nd period - Ryan Getzlaf is hit by Maxim Afinogenov and loses puck.
12:12 of 2nd period - Wrist shot by Matt Martin.
12:12 of 2nd period - Stopped by Tuukka Rask with a rebound.
12:34 of 2nd period - Snap shot by Shayne Gostisbehere.
12:34 of 2nd period - Stopped by Antti Niemi with a rebound.
12:36 of 2nd period - Slapshot by Patrick Sharp.
12:36 of 2nd period - Stopped by Antti Niemi without a rebound.
12:37 of 2nd period - Anze Kopitar wins face-off versus Joe Thornton in Kings zone.
12:47 of 2nd period - Radko Gudas is hit by Brent Seabrook and loses puck.
13:16 of 2nd period - Slapshot by Gilbert Brule.
13:16 of 2nd period - Stopped by Tuukka Rask with a rebound.
15:12 of 2nd period - Snap shot by Daniel Carcillo.
15:12 of 2nd period - Goal by Daniel Carcillo - Kings : 3 - Capitals : 1.
15:13 of 2nd period - Joe Thornton wins face-off versus Matt Martin in neutral zone.
15:40 of 2nd period - Jordan Nolan is hit by Brent Seabrook and loses puck.
15:47 of 2nd period - Slapshot by Ondrej Palat.
15:47 of 2nd period - Shot Misses the Net.
15:49 of 2nd period - Slapshot by Brent Seabrook.
15:49 of 2nd period - Shot Blocked by Hampus Lindholm.
16:07 of 2nd period - Gilbert Brule is hit by Josh Manson and loses puck.
16:58 of 2nd period - Wrist shot by T.J. Oshie.
16:58 of 2nd period - Stopped by Antti Niemi without a rebound.
16:59 of 2nd period - Jordan Nolan wins face-off versus Joe Thornton in Kings zone.
17:04 of 2nd period - Wrist shot by Dan Hamhuis.
17:04 of 2nd period - Stopped by Tuukka Rask with a rebound.
17:06 of 2nd period - Slapshot by Jon Merrill.
17:06 of 2nd period - Deflect By Jordan Nolan.
17:06 of 2nd period - Shot Misses the Net.
17:06 of 2nd period - Puck is out of play.
17:07 of 2nd period - Joe Thornton wins face-off versus Anze Kopitar in Capitals zone.
17:48 of 2nd period - Wrist shot by Ryan Getzlaf.
17:48 of 2nd period - Goal by Ryan Getzlaf - Kings : 3 - Capitals : 2.
17:49 of 2nd period - Joe Thornton wins face-off versus Anze Kopitar in neutral zone.
17:54 of 2nd period - Slapshot by Joe Pavelski.
17:54 of 2nd period - Stopped by Antti Niemi without a rebound.
17:55 of 2nd period - Joe Thornton wins face-off versus Claude Giroux in Kings zone.
18:07 of 2nd period - Joni Pitkanen is hit by Victor Hedman.
18:17 of 2nd period - Minor Penalty to Darnell Nurse for Boarding.
18:18 of 2nd period - Gilbert Brule wins face-off versus Joe Thornton in Kings zone.
19:36 of 2nd period - Icing by Justin Faulk.
19:37 of 2nd period - Anze Kopitar wins face-off versus Joe Thornton in Capitals zone.
Goals for this period are 1 for Kings vs 1 for Capitals.
Shots for this period are 8 for Kings vs 10 for Capitals.

3rd period


0:01 of 3rd period - Joe Thornton wins face-off versus Gilbert Brule in neutral zone.
0:17 of 3rd period - Penalty to Darnell Nurse is over, Darnell Nurse is back on ice.
0:28 of 3rd period - Slapshot by Joni Pitkanen.
0:28 of 3rd period - Shot Misses the Net.
0:36 of 3rd period - Wrist shot by Victor Hedman.
0:36 of 3rd period - Stopped by Antti Niemi with a rebound.
0:56 of 3rd period - Wrist shot by Loui Eriksson.
0:56 of 3rd period - Deflect By Jordan Nolan.
0:56 of 3rd period - Shot Misses the Net.
0:56 of 3rd period - Puck is out of play.
0:57 of 3rd period - Joe Thornton wins face-off versus Anze Kopitar in Capitals zone.
1:28 of 3rd period - Slapshot by Justin Faulk.
1:28 of 3rd period - Shot Misses the Net.
1:30 of 3rd period - Snap shot by Jason Pominville.
1:30 of 3rd period - Goal by Jason Pominville - Kings : 3 - Capitals : 3.
1:31 of 3rd period - Joe Thornton wins face-off versus Anze Kopitar in neutral zone.
1:38 of 3rd period - Snap shot by Patrick Sharp.
1:38 of 3rd period - Shot Misses the Net.
1:48 of 3rd period - Snap shot by Anze Kopitar.
1:48 of 3rd period - Stopped by Tuukka Rask with a rebound.
2:02 of 3rd period - Slapshot by Ryan Getzlaf.
2:02 of 3rd period - Stopped by Antti Niemi without a rebound.
2:03 of 3rd period - Jordan Nolan wins face-off versus Ryan Getzlaf in Kings zone.
2:03 of 3rd period - Jordan Nolan is hit by Patrick Marleau.
2:29 of 3rd period - Patrick Sharp is hit by Matt Martin and loses puck.
2:34 of 3rd period - Wrist shot by Anze Kopitar.
2:34 of 3rd period - Shot Misses the Net.
2:52 of 3rd period - Wrist shot by Ryan Nugent-Hopkins.
2:52 of 3rd period - Deflect By T.J. Oshie.
2:52 of 3rd period - Stopped by Antti Niemi without a rebound.
2:53 of 3rd period - Ryan Nugent-Hopkins wins face-off versus Gilbert Brule in Kings zone.
2:59 of 3rd period - Off-side.
3:00 of 3rd period - Patrick Sharp wins face-off versus Gilbert Brule in neutral zone.
3:29 of 3rd period - Icing by Claude Giroux.
3:30 of 3rd period - Patrick Marleau wins face-off versus Anze Kopitar in Kings zone.
3:31 of 3rd period - Snap shot by Jason Pominville.
3:31 of 3rd period - Stopped by Antti Niemi with a rebound.
4:04 of 3rd period - Wrist shot by Anze Kopitar.
4:04 of 3rd period - Stopped by Tuukka Rask with a rebound.
4:06 of 3rd period - Slapshot by Radko Gudas.
4:06 of 3rd period - Shot Misses the Net.
4:18 of 3rd period - Wrist shot by Claude Giroux.
4:18 of 3rd period - Stopped by Tuukka Rask without a rebound.
4:19 of 3rd period - Loui Eriksson wins face-off versus Joe Thornton in Capitals zone.
4:24 of 3rd period - Snap shot by Maxim Afinogenov.
4:24 of 3rd period - Stopped by Tuukka Rask without a rebound.
4:25 of 3rd period - Jordan Nolan wins face-off versus Joe Thornton in Capitals zone.
4:28 of 3rd period - Wrist shot by Jordan Nolan.
4:28 of 3rd period - Stopped by Tuukka Rask without a rebound.
4:29 of 3rd period - Joe Thornton wins face-off versus Jordan Nolan in Capitals zone.
4:31 of 3rd period - Minor Penalty to Joe Pavelski for Hooking.
4:32 of 3rd period - Joe Thornton wins face-off versus Anze Kopitar in Capitals zone.
5:26 of 3rd period - Justin Faulk is hit by Darnell Nurse and loses puck.
6:29 of 3rd period - Ryan Nugent-Hopkins is hit by Joni Pitkanen and loses puck.
6:31 of 3rd period - Penalty to Joe Pavelski is over, Joe Pavelski is back on ice.
7:15 of 3rd period - Matt Martin is hit by Joe Thornton and loses puck.
7:50 of 3rd period - Justin Faulk is hit by Jon Merrill and loses puck.
8:03 of 3rd period - Darroll Powe is hit by Jason Pominville and loses puck.
8:46 of 3rd period - Darnell Nurse is hit by Shayne Gostisbehere and loses puck.
8:57 of 3rd period - Peter Worrell is hit by Shayne Gostisbehere and loses puck.
9:37 of 3rd period - Mikko Koivu is hit by Jon Merrill.
9:41 of 3rd period - Mikko Koivu is hit by Claude Giroux and loses puck.
10:26 of 3rd period - Icing by Ryan Getzlaf.
10:27 of 3rd period - Anze Kopitar wins face-off versus Mikko Koivu in Capitals zone.
10:30 of 3rd period - Wrist shot by Anze Kopitar.
10:30 of 3rd period - Stopped by Tuukka Rask with a rebound.
10:32 of 3rd period - Snap shot by Claude Giroux.
10:32 of 3rd period - Shot Blocked by Shayne Gostisbehere.
10:34 of 3rd period - Snap shot by Anze Kopitar.
10:34 of 3rd period - Stopped by Tuukka Rask without a rebound.
10:35 of 3rd period - Joe Thornton wins face-off versus Anze Kopitar in Capitals zone.
10:42 of 3rd period - Snap shot by Joe Thornton.
10:42 of 3rd period - Shot Misses the Net.
10:44 of 3rd period - Snap shot by Patrick Sharp.
10:44 of 3rd period - Shot Misses the Net.
10:46 of 3rd period - Snap shot by Patrick Sharp.
10:46 of 3rd period - Shot Misses the Net.
11:02 of 3rd period - Patrick Marleau is hit by Radko Gudas and loses puck.
11:11 of 3rd period - Wrist shot by Loui Eriksson.
11:11 of 3rd period - Shot Misses the Net.
11:35 of 3rd period - Wrist shot by Kevin Hayes.
11:35 of 3rd period - Stopped by Tuukka Rask without a rebound.
11:36 of 3rd period - Anze Kopitar wins face-off versus Joe Thornton in Capitals zone.
12:03 of 3rd period - Radko Gudas is hit by Shayne Gostisbehere and loses puck.
12:24 of 3rd period - Slapshot by Mikko Koivu.
12:24 of 3rd period - Shot Misses the Net.
12:26 of 3rd period - Slapshot by Olli Maatta.
12:26 of 3rd period - Deflect By Daniel Carcillo.
12:26 of 3rd period - Stopped by Antti Niemi with a rebound.
13:16 of 3rd period - Snap shot by Joe Thornton.
13:16 of 3rd period - Stopped by Antti Niemi with a rebound.
13:18 of 3rd period - Slapshot by Brent Seabrook.
13:18 of 3rd period - Stopped by Antti Niemi with a rebound.
13:32 of 3rd period - Snap shot by Ryan Getzlaf.
13:32 of 3rd period - Shot Misses the Net.
13:34 of 3rd period - Wrist shot by Patrick Marleau.
13:34 of 3rd period - Stopped by Antti Niemi without a rebound.
13:35 of 3rd period - Jordan Nolan wins face-off versus Ryan Getzlaf in Kings zone.
13:56 of 3rd period - Shayne Gostisbehere is hit by Jordan Nolan and loses puck.
14:20 of 3rd period - Icing by Jason Pominville.
14:21 of 3rd period - Anze Kopitar wins face-off versus Ryan Getzlaf in Capitals zone.
14:32 of 3rd period - Snap shot by Jason Pominville.
14:32 of 3rd period - Shot Misses the Net.
14:34 of 3rd period - Slapshot by Justin Faulk.
14:34 of 3rd period - Shot Misses the Net.
14:36 of 3rd period - Snap shot by Jason Pominville.
14:36 of 3rd period - Shot Misses the Net.
14:38 of 3rd period - Snap shot by Jason Pominville.
14:38 of 3rd period - Goal by Jason Pominville - Kings : 3 - Capitals : 4.
14:39 of 3rd period - Joe Thornton wins face-off versus Anze Kopitar in neutral zone.
14:56 of 3rd period - Slapshot by Anze Kopitar.
14:56 of 3rd period - Shot Blocked by Victor Hedman.
15:19 of 3rd period - Off-side.
15:20 of 3rd period - Ryan Getzlaf wins face-off versus Jordan Nolan in neutral zone.
15:33 of 3rd period - Snap shot by Jason Pominville.
15:33 of 3rd period - Stopped by Antti Niemi without a rebound.
15:33 of 3rd period - Minor Penalty to Shayne Gostisbehere for Hooking.
15:34 of 3rd period - Joe Thornton wins face-off versus Anze Kopitar in Capitals zone.
15:47 of 3rd period - Joe Pavelski is hit by Claude Giroux and loses puck.
16:06 of 3rd period - Snap shot by Daniel Carcillo.
16:06 of 3rd period - Shot Blocked by Victor Hedman.
16:08 of 3rd period - Slapshot by Hampus Lindholm.
16:08 of 3rd period - Shot Blocked by Brent Seabrook.
16:36 of 3rd period - Snap shot by Claude Giroux.
16:36 of 3rd period - Deflect By Jordan Nolan.
16:36 of 3rd period - Stopped by Tuukka Rask with a rebound.
16:38 of 3rd period - Slapshot by Anze Kopitar.
16:38 of 3rd period - Goal by Anze Kopitar - Kings : 4 - Capitals : 4.
16:39 of 3rd period - Ondrej Palat wins face-off versus Gilbert Brule in neutral zone.
17:04 of 3rd period - Joe Pavelski is hit by Loui Eriksson.
17:12 of 3rd period - Slapshot by Justin Faulk.
17:12 of 3rd period - Deflect By Patrick Sharp.
17:12 of 3rd period - Stopped by Antti Niemi with a rebound.
17:49 of 3rd period - Slapshot by Ryan Nugent-Hopkins.
17:49 of 3rd period - Stopped by Antti Niemi with a rebound.
18:33 of 3rd period - Snap shot by Ryan Getzlaf.
18:33 of 3rd period - Stopped by Antti Niemi with a rebound.
18:35 of 3rd period - Wrist shot by Ryan Getzlaf.
18:35 of 3rd period - Shot Blocked by Hampus Lindholm.
18:37 of 3rd period - Snap shot by Brent Seabrook.
18:37 of 3rd period - Stopped by Antti Niemi without a rebound.
18:38 of 3rd period - Anze Kopitar wins face-off versus Mikko Koivu in Kings zone.
19:27 of 3rd period - Hampus Lindholm is hit by Patrick Sharp.
Goals for this period are 1 for Kings vs 2 for Capitals.
Shots for this period are 10 for Kings vs 15 for Capitals.

Overtime #1


0:01 of 1st overtime period - Joe Thornton wins face-off versus Claude Giroux in neutral zone.
4:01 of 1st overtime period - Snap shot by Jason Pominville.
4:01 of 1st overtime period - Shot Blocked by Radko Gudas.
4:03 of 1st overtime period - Snap shot by Patrick Sharp.
4:03 of 1st overtime period - Shot Misses the Net.
4:05 of 1st overtime period - Slapshot by Justin Faulk.
4:05 of 1st overtime period - Deflect By Patrick Sharp.
4:05 of 1st overtime period - Shot Misses the Net.
4:05 of 1st overtime period - Puck is out of play.
4:06 of 1st overtime period - Joe Thornton wins face-off versus Claude Giroux in Kings zone.
4:23 of 1st overtime period - Joe Thornton is hit by Jordan Nolan.
4:55 of 1st overtime period - Icing by Radko Gudas.
4:56 of 1st overtime period - Claude Giroux wins face-off versus Joe Thornton in Kings zone.
Goals for this period are 0 for Kings vs 0 for Capitals.
Shots for this period are 0 for Kings vs 0 for Capitals.

ShootOut


5:00 of 1st overtime period - Round #1.
5:00 of 1st overtime period - Kings, Claude Giroux.
5:00 of 1st overtime period - Deke by Claude Giroux.
5:00 of 1st overtime period - Stopped by Tuukka Rask.
5:00 of 1st overtime period - Capitals, Joe Thornton.
5:00 of 1st overtime period - Wrist shot by Joe Thornton.
5:00 of 1st overtime period - Goal by Joe Thornton.
5:00 of 1st overtime period - Round #2.
5:00 of 1st overtime period - Kings, Loui Eriksson.
5:00 of 1st overtime period - Deke by Loui Eriksson.
5:00 of 1st overtime period - Stopped by Tuukka Rask.
5:00 of 1st overtime period - Capitals, Joe Pavelski.
5:00 of 1st overtime period - Deke by Joe Pavelski.
5:00 of 1st overtime period - Goal by Joe Pavelski.
5:00 of 1st overtime period - Round #3.